 Dungeon Crawl Stone Soup version 0.30-a0-702-gdf48620a09 (webtiles) character file.

Game seed: 14686101649686939222

1614 zinnoa the Covert (level 8, -3/33 HPs)
             Began as a Felid Enchanter on Jan 18, 2023.
             Was an Initiate of Yredelemnul.
             Killed from afar by an orc wizard (9 damage)
             ... with a magic dart
             ... on level 8 of the Dungeon on Jan 22, 2023.
             The game lasted 01:01:34 (7342 turns).

zinnoa the Covert (Felid Enchanter)                 Turns: 7342, Time: 01:01:35

Health: -3/33      AC:  4    Str:  3    XL:     8   Next: 64%
Magic:  7/15       EV: 34    Int: 21    God:    Yredelemnul [......]
Gold:   210        SH:  0    Dex: 17    Spells: 7/15 levels left
                                        Lives:  0   Deaths: 2

rFire   . . .      SeeInvis +      - Unarmed
rCold   + . .      Faith    .    (shield unavailable)
rNeg    . . .      Spirit   .    (body armour unavailable)
rPois   .          Reflect  .    (helmet unavailable)
rElec   .          Harm     .    (cloak unavailable)
rCorr   .          Rampage  .    (gloves unavailable)
Will    +....                    (boots unavailable)
Stlth   +++++                    k - amulet of the acrobat
HPRegen 0.25/turn                a - ring of protection from cold
MPRegen 0.14/turn                (no ring)

@: acrobatic, quick
A: very small, claws 1, fangs 3, see invisible, speed 1, shaggy fur 2, stealthy
paws, no weapons or thrown items, no armour, multi-lived, iridescent scales 1,
clever 1, wild magic 1
a: Renounce Religion, Recall Undead Harvest


You were on level 8 of the Dungeon.
You worshipped Yredelemnul.
Yredelemnul was noncommittal.
You visited 2 branches of the dungeon, and saw 8 of its levels.

You collected 330 gold pieces.
You spent 120 gold pieces at shops.

Inventory:

Jewellery
 a - a ring of protection from cold (left paw)
 k - an amulet of the acrobat (around neck)
Scrolls
 b - 4 scrolls of teleportation {unknown}
 c - a scroll of fog {unknown}
 d - 7 scrolls of fear {unknown}
 e - 5 scrolls of identify {unknown}
 g - 4 scrolls of poison {unknown}
 l - 3 scrolls of immolation {unknown}
 m - a scroll of vulnerability {unknown}
 o - a scroll of blinking {unknown}
 p - a scroll of enchant weapon {unknown}
 q - 2 scrolls of noise {unknown}
 s - a scroll of amnesia {unknown}
 t - a scroll of enchant armour {unknown}
Potions
 f - a potion of resistance
 h - 2 potions of degeneration
 i - 3 potions of mutation
 j - a potion of attraction {unknown}
 n - a potion of lignification {unknown}


   Skills:
 * Level 1.9 Fighting
 * Level 5.2 Dodging
 * Level 10.3 Stealth
 + Level 5.6 Unarmed Combat
 + Level 4.4 Spellcasting
 + Level 0.4 Conjurations
 * Level 8.7 Hexes
 + Level 3.0 Ice Magic
 + Level 0.1 Invocations
 + Level 0.9 Evocations


You had 7 spell levels left.
You knew the following spells:

 Your Spells              Type           Power      Damage    Failure   Level
a - Ensorcelled Hibernat  Hex/Ice        76%        N/A       3%          2
b - Confusing Touch       Hex            52%        N/A       1%          3
c - Dazzling Flash        Conj/Hex       62%        N/A       9%          3

Your spell library contained the following spells:

 Spells                   Type           Power      Damage    Failure   Level
 Tukima's Dance           Hex            52%        N/A       1%          3
 Freeze                   Ice            88%        1d9       5%          1
 Frozen Ramparts          Ice            44%        1d7       14%         3
 Ozocubu's Armour         Ice            22%        N/A       14%         3
 Hailstorm                Conj/Ice       15%        3d5       24%         3
 Metabolic Englaciation   Hex/Ice        19%        N/A       36%         5
 Simulacrum               Ice/Necr       Unusable   N/A       N/A         6

Dungeon Overview and Level Annotations

Branches:
Dungeon (8/15)             Temple (1/1) D:4
   Lair: D:8-11

Altars:
Elyvilon
Fedhas
Hepliaklqana
Makhleb
Nemelex Xobeh
Okawaru
Qazlal
Sif Muna
Uskayaw
Wu Jian
Xom
Yredelemnul
Zin
The Shining One

Shops:
D:6 *


Innate Abilities, Weirdness & Mutations

You have sharp claws.
You have razor-sharp teeth.
You have supernaturally acute eyesight. (SInv)
You cover ground quickly. (Speed+)
You are covered in thick fur. (AC +2)
Your paws help you pounce on unaware monsters.
You are incapable of wielding weapons or throwing items.
You cannot wear armour.
You gain extra lives every three experience levels.
You are partially covered in iridescent scales. (AC +2)
Your mind is acute. (Int +4, Str/Dex -1)
Your spells are a little harder to cast, but a little more powerful.


Message History

Aim: an orc wizard, wielding a +0 club and wearing a +0 robe (not susceptible)
The orc wizard is unaffected.
The orc misses you. The orc wizard casts a spell at you.
You resist with almost no effort.
Casting: Ensorcelled Hibernation (safe; 3% risk of failure)
Confirm with . or Enter, or press ? or * to list all spells.
Aiming: Ensorcelled Hibernation (safe; 3% risk of failure)
Press: ? - help, Shift-Dir - straight line, f/p - orc wizard
Aim: an orc wizard, wielding a +0 club and wearing a +0 robe (not susceptible)
The orc wizard is unaffected.
The orc barely misses you.
You scratch the orc wizard.
The orc wizard is lightly wounded.
The orc misses you.
The orc wizard gestures wildly while chanting.
The orc wizard flickers and vanishes for a moment.
You barely miss the orc wizard.
You bite the orc wizard, but do no damage.
The orc wizard is lightly wounded.
You scratch the orc wizard. Your bite misses the orc wizard.
The orc wizard is moderately wounded.
The orc misses you. The orc wizard barely misses you.
The orc hits you with a +0 mace.
You scratch the orc wizard but do no damage.
The orc wizard is moderately wounded.
The orc closely misses you.
The orc wizard points at you and mumbles some strange words.
The magic dart hits you.
* * * LOW HITPOINT WARNING * * *
The orc closely misses you. The orc wizard misses you.
Your spectral white imp barely misses the orc.
Your spectral white imp hits the orc.
The orc dies!
The orc hits something with a +0 mace.
Something barely misses your spectral white imp.
The orc hits your spectral white imp but does no damage.
The orc wizard casts a spell at you. The magic dart hits you!
You die...
Your body rises from the dead as a mindless zombie.

........##.Z# #........#####
.........#..########..##.##.....#
.........#.............#.#....#..
.........#.######....#.....#.##.#
...[.....#.#### #....##...##....#
.........#....###......._....####
........#####..#####.##.).##.#
.........# ##..####.#o....#.#
.........# ##.@.o#...#.#...#
.........# ####o.Zo##.##..#
...>.....# ###........###
.........# #...........#
........## ###########..#
.......## #.. .###.### #. Z.##..#
## .####.# #


You could see an orc wizard (invisible), 2 orcs and a friendly spectral white
imp.

Vanquished Creatures
  Sigmund (D:2)
  A steam dragon (D:7)
  3 water moccasins
  A black bear (D:6)
  2 orc warriors (D:7)
  A sky beast (D:8)
  2 ice beasts
  2 centaurs (D:8)
  2 phantoms (D:7)
  2 kobold brigands
  A bullfrog (D:7)
  A scorpion (D:6)
  A howler monkey (D:8)
  2 hounds
  6 orc priests
  A jelly (D:6)
  2 iguanas
  4 orc wizards
  Robin (D:2)
  14 adders
  2 gnolls (D:6)
  A shadow imp (D:7)
  A white imp (D:7)
  A worm (D:4)
  15 orcs
  7 endoplasms
  6 giant cockroaches
  9 goblins
  11 hobgoblins
  4 jackals
  A quokka (D:3)
  13 ball pythons
  14 bats
  4 frilled lizards
  11 kobolds
  4 rats
154 creatures vanquished.

Vanquished Creatures (collateral kills)
  A gnoll (D:6)
  An orc (D:8)
  A jackal (D:4)
3 creatures vanquished.

Vanquished Creatures (others)
  A spectral ice beast (D:6)
  A howler monkey (D:8)
  An iguana (D:7)
  A white imp (D:8)
  5 orc zombies
  An adder zombie (D:6)
  An orc (D:7)
  A gnoll zombie (D:6)
  3 demonic plants (D:1)
  4 fungi (D:1)
  3 plants (D:1)
  2 withered plants (D:1)
24 creatures vanquished.

Grand Total: 181 creatures vanquished

Notes
Turn   | Place    | Note
-------+----------+-------------------------------------------
     0 | D:1      | zinnoa the Felid Enchanter began the quest for the Orb.
     0 | D:1      | Reached XP level 1. HP: 7/7 MP: 4/4
   332 | D:1      | Reached XP level 2. HP: 11/11 MP: 6/6
   335 | D:1      | Learned a level 2 spell: Ensorcelled Hibernation
   556 | D:1      | Reached skill level 5 in Hexes
   638 | D:1      | Found a faded altar of an unknown god.
  1242 | D:2      | Reached XP level 3. HP: 7/14 MP: 7/7
  1416 | D:2      | Reached skill level 5 in Stealth
  1533 | D:2      | Reached XP level 4. HP: 18/18 MP: 6/8
  1537 | D:2      | Learned a level 3 spell: Confusing Touch
  1636 | D:2      | Noticed Sigmund
  1644 | D:2      | Killed Sigmund
  1645 | D:2      | Reached skill level 6 in Stealth
  1645 | D:2      | Reached XP level 5. HP: 21/21 MP: 0/9
  1645 | D:2      | Gained mutation: You are covered in thick fur. (AC +2)
                  | [Felid growth]
  1645 | D:2      | Reached XP level 6. HP: 24/24 MP: 0/10
  2198 | D:2      | Noticed Robin
  2268 | D:2      | Learned a level 3 spell: Dazzling Flash
  2314 | D:2      | Killed Robin
  3128 | D:3      | Identified the +0 leather armour of the Wasteland {rPois
                  | rC+}
  3154 | D:3      | Reached skill level 7 in Stealth
  3418 | D:3      | Reached skill level 1 in Ice Magic
  3869 | D:4      | Found a staircase to the Ecumenical Temple.
  3883 | Temple   | Entered the Ecumenical Temple
  4059 | Temple   | Became a worshipper of Yredelemnul the Dark
  4505 | D:4      | Reached * piety under Yredelemnul
  4732 | D:4      | Reached ** piety under Yredelemnul
  4862 | D:4      | You fall into a shaft and drop 2 floors!
  4878 | D:6      | Noticed an ice beast
  4932 | D:6      | Reached XP level 7. HP: 13/27 MP: 9/12
  4968 | D:6      | Found Qopekai's Assorted Antiques.
  4976 | D:6      | Bought a forked bronze wand for 120 gold pieces
  5151 | D:6      | Killed from afar by an orc priest
  5152 | D:6      | Reached XP level 6. HP: -4/25 MP: 6/11
  5268 | D:6      | Noticed a water moccasin
  5275 | D:6      | Killed a water moccasin
  5276 | D:6      | Reached skill level 8 in Stealth
  5313 | D:6      | Reached XP level 7. HP: 23/28 MP: 9/12
  5516 | D:6      | Identified the +2 robe of Loadotz {rC+ Str+4 Dex+3}
  5620 | D:6      | HP: 1/28 [gnoll/+0 flail (9)]
  6095 | D:7      | Upgraded the game from 0.30-a0-652-gcc886f7154 to
                  | 0.30-a0-672-gc3a7216ad8
  6157 | D:7      | Noticed a steam dragon
  6181 | D:7      | Killed a steam dragon
  6198 | D:7      | Found a basalt altar of Yredelemnul.
  6207 | D:7      | Upgraded the game from 0.30-a0-672-gc3a7216ad8 to
                  | 0.30-a0-702-gdf48620a09
  6229 | D:7      | Reached XP level 8. HP: 16/31 MP: 6/14
  6232 | D:7      | HP: 1/46 [orc warrior/+0 glaive (16)]
  6232 | D:7      | Slain by a kobold brigand
  6233 | D:7      | Reached XP level 7. HP: -1/42 MP: 7/13
  6242 | D:7      | Gained mutation: Your mind is acute. (Int +4, Str/Dex -1)
                  | [potion of mutation]
  6242 | D:7      | Gained mutation: Your spells are a little harder to cast,
                  | but a little more powerful. [potion of mutation]
  6242 | D:7      | Gained mutation: You are partially covered in iridescent
                  | scales. (AC +2) [potion of mutation]
  6265 | D:7      | Reached skill level 5 in Unarmed Combat
  6267 | D:7      | Reached skill level 1 in Fighting
  6443 | D:7      | Found a hazy altar of Hepliaklqana.
  6545 | D:7      | Reached skill level 9 in Stealth
  6603 | D:7      | Reached XP level 8. HP: 32/32 MP: 15/15
  6759 | D:7      | Reached skill level 5 in Dodging
  6974 | D:8      | Reached skill level 10 in Stealth
  7061 | D:8      | Found a stormy altar of Qazlal.
  7100 | D:8      | Found a burning altar of Makhleb.
  7257 | D:8      | Found a hazy altar of Hepliaklqana.
  7342 | D:8      | Killed from afar by an orc wizard

Illustrated notes

Levels and vault maps discovered:
D:1:      denvon_arrival_planthouse, layout_loops_ring,
          shapermc_ecumenical_altar_gd
D:2:      layout_basic, minmay_snake_closets, uniq_robin, uniq_sigmund
D:3:      minmay_spotlight, layout_basic
D:4:      layout_loops_ring, minmay_temple_entry_slanted
D:6:      layout_cave_pods, serial_shops, shop
D:7:      layout_loops_ring, hangedman_feature_mirror, nicolae_water_bricks
D:8:      layout_rooms, mainiacjoe_overflow_small_starburst, lemuel_round_altar,
          kennysheep_mini, minmay_evil_grid, uniq_maurice
Temple:   minmay_temple_curvy_loop

Skill      XL: |  1  2  3  4  5  6  7  8 |
---------------+-------------------------+-----
Hexes          | 5 6 8 |  8.7
Stealth        | 5 6 8 9 10 | 10.3
Unarmed Combat | 2 3 5 |  5.6
Dodging        | 3 4 5 |  5.2
Ice Magic      | 1 2 3 |  3.0
Spellcasting   | 3 4 |  4.4
Fighting       | 1 |  1.9
Conjurations   | |  0.4
Invocations    | |  0.1
Evocations     | |  0.9

Action                   |  1- 3 |  4- 6 |  7- 9 || total
-------------------------+-------+-------+-------++-------
Melee: Unarmed           |    93 |   217 |   146 ||   456
       Bite              |    10 |    15 |    19 ||    44
       Punch             |       |     2 |     4 ||     6
 Cast: Ensorcelled Hiber |     9 |    33 |    35 ||    77
       Confusing Touch   |       |     3 |     6 ||     9
       Dazzling Flash    |       |     2 |     4 ||     6
Invok: Recall Undead Har |       |     1 |     1 ||     2
Evoke: Wand              |       |       |     5 ||     5
  Use: Potion            |       |     4 |     8 ||    12
 Stab: Sleeping          |    15 |    45 |    19 ||    79
       Confused          |       |     1 |     4 ||     5
       Distracted        |       |     2 |       ||     2
Armor: Skin              |     4 |    18 |    13 ||    35
Dodge: Dodged            |    33 |   173 |   145 ||   351

Table legend: (Time is in decaauts)
 A = Elapsed time spent in this place.
 B = Non-inter-level travel time spent in this place.
 C = Inter-level travel time spent in this place.
 D = Time resting spent in this place.
 E = Time spent auto-exploring this place.
 F = Levels seen in this place.
 G = Mean time per level.
                   A        B        C        D        E       F      G
               +--------+--------+--------+--------+--------+-----+--------+
         Total |   6280 |   6077 |    203 |   1164 |   2878 |   8 |  785.0 |
       Dungeon |   6108 |   5905 |    203 |   1164 |   2802 |   7 |  872.6 |
        Temple |    172 |    172 |      0 |      0 |     75 |   1 |  172.0 |
               +--------+--------+--------+--------+--------+-----+--------+

Top non-repeatable levels by time:
     D:2: 1178 daAuts
     D:3: 1100 daAuts
     D:1: 1007 daAuts
     D:6: 984 daAuts
     D:7: 771 daAuts
     D:4: 713 daAuts
     D:8: 351 daAuts
  Temple: 172 daAuts
